[Event "ICC tourney 1955 (60 10)"]
[Site "Internet Chess Club"]
[Date "2020.08.08"]
[Round "4"]
[White "Knightboy123"]
[Black "adorablehill"]
[Result "0-1"]
[ICCResult "White checkmated"]
[WhiteElo "1637"]
[BlackElo "1860"]
[Opening "Ruy Lopez: fianchetto (Smyslov/Barnes) defense"]
[ECO "C60"]
[NIC "RL.03"]
[Time "12:07:06"]
[TimeControl "3600+10"]

1. e4 e5 2. Nf3 Nc6 3. Bb5 g6 4. O-O Bg7 5. c3 a6 6. Ba4 d6 7. d3 Bd7 8. Re1
Nge7 9. Nbd2 O-O 10. Nf1 b5 11. Bb3 Na5 12. Bc2 c5 13. Be3 Nac6 14. Qd2 f5
15. Bh6 Be6 16. Bxg7 Kxg7 17. d4 Bf7 18. dxc5 dxc5 19. Red1 f4 20. Ng5 Bg8
21. Qd6 Qxd6 22. Rxd6 h6 23. Nf3 Rad8 24. Rad1 Rxd6 25. Rxd6 g5 26. Rd7 Be6
27. Rc7 Kf6 28. N1d2 Bc8 29. Nb3 Ke6 30. Nxc5+ Kd6 31. Rxc8 Rxc8 32. Nxa6
Ra8 33. Nb4 Nxb4 34. cxb4 Rxa2 35. Bd3 Rxb2 36. Bxb5 Rxb4 37. Bd3 Nc6 38. g3
Rb3 39. Be2 Nd4 40. Nxd4 exd4 41. gxf4 gxf4 42. Kf1 d3 43. Bd1 Rb2 44. Ke1
Ke5 45. Bf3 Kd4 46. Kf1 Rb1+ 47. Kg2 d2 48. Kh3 d1=Q 49. Bxd1 Rxd1 50. Kg4
Kxe4 51. Kh5 Rd2 52. Kxh6 Rxf2 53. h4 Rh2 54. h5 f3 55. Kg7 f2 56. h6 f1=Q
57. h7 Qg2+ 58. Kh8 Qh3 59. Kg8 Qxh7+ 60. Kf8 Qf5+ 61. Ke8 Rh8+ 62. Ke7 Qh7+
63. Ke6 Re8+ 64. Kf6 Qf5+ 65. Kg7 Re7+ 66. Kg8 Qh7+ 67. Kf8 Qg7#
{White checkmated}
0-1

[Event "ICC tourney 1955 (60 10)"]
[Site "Internet Chess Club"]
[Date "2020.08.08"]
[Round "4"]
[White "ShadowApt"]
[Black "harkerchess"]
[Result "1-0"]
[ICCResult "Black checkmated"]
[WhiteElo "2115"]
[BlackElo "1929"]
[Opening "Ruy Lopez: Wormald (Alapin) attack"]
[ECO "C77"]
[NIC "RL.12"]
[Time "12:07:07"]
[TimeControl "3600+10"]

1. e4 e5 2. Nf3 Nc6 3. Bb5 a6 4. Ba4 Nf6 5. Qe2 b5 6. Bb3 Be7 7. d4 d6 8.
dxe5 dxe5 9. O-O Bg4 10. c3 O-O 11. Rd1 Bd6 12. h3 Bh5 13. Bg5 h6 14. Bh4 g5
15. Bg3 Qe7 16. Nbd2 Rad8 17. Nf1 Kh7 18. Bh2 g4 19. hxg4 Bxg4 20. Ng3 Na5
21. Bc2 Qe6 22. Nf5 Rfe8 23. Qe3 Nh5 24. b3 Nc6 25. b4 Qf6 26. Re1 Rg8 27.
Bb3 Ng7 28. Bxf7 Rgf8 29. Bd5 Nxf5 30. exf5 Ne7 31. Be4 Nxf5 32. Bxe5 Bxe5
33. Bxf5+ Qxf5 34. Nxe5 Rde8 35. Qe4 Rxe5 36. Qxe5 Qxf2+ 37. Kh1 Rf7 38. Qe3
Qh4+ 39. Kg1 Bh5 40. Qe4+ Qxe4 41. Rxe4 Bg6 42. Re6 Bd3 43. Rae1 Kg7 44. Re7
Bc4 45. Rxf7+ Kxf7 46. a3 Kf6 47. Re8 Bd5 48. Rc8 c6 49. Ra8 Ke5 50. Rh8 Ke4
51. Rxh6 Kd3 52. Rh3+ Kc4 53. g4 Kb3 54. g5 Bc4 55. g6 Kxa3 56. g7 Kb3 57.
Rh6 Bd5 58. Rd6 Kxc3 59. Rxd5 cxd5 60. g8=Q Kxb4 61. Qxd5 a5 62. Qd4+ Kb3
63. Qd3+ Kb4 64. Qb1+ Ka4 65. Kf2 b4 66. Ke3 b3 67. Kd3 Kb4 68. Qb2 a4 69.
Kd4 a3 70. Qc3+ Ka4 71. Qc4+ Ka5 72. Qxb3 a2 73. Qxa2+ Kb4 74. Qc4+ Ka3 75.
Qb5 Ka2 76. Qb4 Ka1 77. Kc3 Ka2 78. Qb2# {Black checkmated} 1-0

[Event "ICC tourney 1955 (60 10)"]
[Site "Internet Chess Club"]
[Date "2020.08.08"]
[Round "4"]
[White "chesslead"]
[Black "i2good4u734"]
[Result "1/2-1/2"]
[ICCResult "Game drawn by mutual agreement"]
[WhiteElo "1992"]
[BlackElo "2066"]
[Opening "Pirc: Austrian attack, 6.Bd3"]
[ECO "B09"]
[NIC "PU.02"]
[Time "12:06:22"]
[TimeControl "3600+10"]

1. e4 d6 2. d4 Nf6 3. Nc3 g6 4. f4 Bg7 5. Nf3 O-O 6. Bd3 c5 7. dxc5 dxc5 8.
e5 Nd5 9. Nxd5 Qxd5 10. Qe2 Nc6 11. Be4 Qd8 12. O-O Bd7 13. Be3 Qc7 14. Rad1
b6 15. Rfe1 Rad8 16. h3 Kh8 17. Bf2 f6 18. Bh4 Nd4 19. Qf2 Bc6 20. exf6 exf6
21. Bxc6 Nxc6 22. Rxd8 Nxd8 23. Qe3 Bh6 24. Bxf6+ Rxf6 25. Qc3 Qd6 26. Re8+
Kg7 27. g3 Ne6 28. Ra8 Qd7 29. Ne5 Qb7 30. Re8 Nd4 31. Qe3 Rf8 32. Nd7
{Game drawn by mutual agreement}
1/2-1/2

[Event "ICC tourney 1955 (60 10)"]
[Site "Internet Chess Club"]
[Date "2020.08.08"]
[Round "4"]
[White "zchen15"]
[Black "nboad"]
[Result "1-0"]
[ICCResult "Black resigns"]
[WhiteElo "1981"]
[BlackElo "1713"]
[Opening "Modern defense"]
[ECO "A40"]
[NIC "QO.17"]
[Time "12:06:44"]
[TimeControl "3600+10"]

1. d4 g6 2. c4 Bg7 3. Nc3 c5 4. d5 Bxc3+ 5. bxc3 Qa5 6. Qc2 d6 7. e4 Nf6 8.
Bd3 Nbd7 9. f4 O-O 10. Nf3 Nb6 11. O-O Bd7 12. e5 Ne8 13. f5 Ba4 14. Qe2
dxe5 15. fxg6 hxg6 16. Bh6 Ng7 17. Qxe5 f6 18. Qg3 g5 19. Bxg7 Kxg7 20. Nxg5
Rg8 21. Qe3 Nc8 22. Qe4 Kf8 23. Nh7+ Kf7 24. Qe6+ Kg7 25. Nxf6 {Black
resigns} 1-0

[Event "ICC tourney 1955 (60 10)"]
[Site "Internet Chess Club"]
[Date "2020.08.08"]
[Round "4"]
[White "wolfchess1"]
[Black "Willixm"]
[Result "1-0"]
[ICCResult "Black resigns"]
[WhiteElo "2126"]
[BlackElo "1878"]
[Opening "Vienna: Paulsen variation"]
[ECO "C25"]
[NIC "VG.04"]
[Time "12:07:01"]
[TimeControl "3600+10"]

1. e4 e5 2. Nc3 Nc6 3. g3 Nf6 4. Bg2 Bb4 5. Nge2 d6 6. h3 Be6 7. O-O Qd7 8.
Kh2 Bc5 9. Na4 Bb6 10. d3 h6 11. f4 Qe7 12. a3 h5 13. Nxb6 axb6 14. f5 Bd7
15. Bg5 Qf8 16. b4 Nh7 17. Be3 Nf6 18. c4 Ne7 19. d4 Neg8 20. Kg1 Nh6 21.
Nc3 Bc6 22. b5 Bd7 23. Bg5 Nhg8 24. a4 Ne7 25. Qd2 Nfg8 26. Ne2 f6 27. Be3
g5 28. a5 Kf7 29. dxe5 fxe5 30. axb6 Rxa1 31. Rxa1 g4 32. hxg4 hxg4 33. bxc7
Nf6 34. Qxd6 Qg7 35. Qxe5 Re8 36. Qc3 Qh7 37. Bg5 Neg8 38. Rd1 Bxf5 39. exf5
Qxf5 40. Bxf6 Nxf6 41. Rf1 Qc5+ 42. Qd4 Qe7 43. Qxf6+ Qxf6 44. Rxf6+ Kxf6
45. Bxb7 {Black resigns} 1-0

[Event "ICC tourney 1955 (60 10)"]
[Site "Internet Chess Club"]
[Date "2020.08.08"]
[Round "4"]
[White "qiaoqiaoszx"]
[Black "anton555"]
[Result "1-0"]
[ICCResult "Black resigns"]
[WhiteElo "2032"]
[BlackElo "2068"]
[Opening "French: Tarrasch, Guimard main line"]
[ECO "C04"]
[NIC "FR.15"]
[Time "12:07:27"]
[TimeControl "3600+10"]

1. e4 e6 2. d4 d5 3. Nd2 Nc6 4. Ngf3 Nf6 5. e5 Nd7 6. c3 f6 7. exf6 Qxf6 8.
Bd3 Bd6 9. Qc2 e5 10. O-O e4 11. Bxe4 dxe4 12. Nxe4 Qg6 13. Nxd6+ Qxd6 14.
Re1+ Ne7 15. Qe2 Nf6 16. Bf4 Qd8 17. Qc4 c6 18. Qc5 O-O 19. Rxe7 Nd5 20. Bg5
Qb6 21. Qxb6 axb6 22. Ree1 Bf5 23. Ne5 Ra5 24. g4 Bc8 25. Re4 h6 26. Bh4 g5
27. Bg3 Nf6 28. Ree1 Nxg4 29. Nc4 Raf5 30. Nxb6 h5 31. Nxc8 Rxc8 32. h3 Nf6
33. Re7 Rf8 34. Rae1 h4 35. Be5 Nh5 36. Re2 Rf3 37. Kg2 g4 38. hxg4 Nf4+ 39.
Kxf3 Nxe2+ 40. Kxe2 {Black resigns} 1-0

[Event "ICC tourney 1955 (60 10)"]
[Site "Internet Chess Club"]
[Date "2020.08.08"]
[Round "4"]
[White "Roger436"]
[Black "cprovince"]
[Result "0-1"]
[ICCResult "White resigns"]
[WhiteElo "1568"]
[BlackElo "1899"]
[Opening "French: King's Indian attack"]
[ECO "C00"]
[NIC "FR.02"]
[Time "12:07:00"]
[TimeControl "3600+10"]

1. e4 e6 2. d3 c5 3. Nd2 b6 4. g3 Bb7 5. Bg2 Nc6 6. Ngf3 Qc7 7. O-O O-O-O 8.
Nb3 Nge7 9. a4 a5 10. Qe2 d5 11. Bf4 Qd7 12. Rfd1 Ng6 13. Be3 d4 14. Bc1 e5
15. Nbd2 Kc7 16. Nc4 Ba6 17. b3 f6 18. Rf1 Bxc4 19. bxc4 Bd6 20. h4 Nge7 21.
Kh2 Rdf8 22. Bh3 Qe8 23. Kg2 Qf7 24. Rb1 h6 25. Rb2 Rhg8 26. Bd2 Nb4 27.
Bxb4 cxb4 28. Kh2 Nc6 29. Bf5 g6 30. Bh3 f5 31. Nd2 Qf6 32. Rbb1 Ne7 33. Rh1
f4 34. Rbf1 f3 35. Qd1 g5 36. hxg5 hxg5 37. g4 Qf4+ 38. Kg1 Rh8 39. Rh2 Rh4
40. Re1 Rfh8 41. Qxf3 Qxd2 42. Rf1 Qf4 43. Qg2 Ng6 44. Kh1 Qd2 45. Qg3 Nf4
46. f3 Rxh3 {White resigns} 0-1

[Event "ICC tourney 1955 (60 10)"]
[Site "Internet Chess Club"]
[Date "2020.08.08"]
[Round "4"]
[White "gz99754539"]
[Black "amp1997"]
[Result "1-0"]
[ICCResult "Black resigns"]
[WhiteElo "1998"]
[BlackElo "2058"]
[Opening "Pirc: classical system, 5.Be2"]
[ECO "B08"]
[NIC "PU.03"]
[Time "12:07:07"]
[TimeControl "3600+10"]

1. e4 d6 2. d4 Nf6 3. Nc3 g6 4. Nf3 Bg7 5. Be2 O-O 6. O-O Nbd7 7. Be3 a6 8.
Qd2 b5 9. a3 Bb7 10. d5 c5 11. dxc6 Bxc6 12. Bd3 Nc5 13. Bxc5 dxc5 14. Qf4
e6 15. Rad1 Qb6 16. Rfe1 Nh5 17. Qe3 b4 18. axb4 Qxb4 19. e5 Qf4 20. Qxf4
Nxf4 21. Be4 Rfc8 22. Bxc6 Rxc6 23. g3 Nh5 24. g4 Nf4 25. Re4 g5 26. Nxg5
Bh6 27. Rxf4 Bxg5 28. Rc4 Be7 29. Ne4 Rb6 30. b3 Rb4 31. f4 Rxc4 32. bxc4 a5
33. Ra1 Kf8 34. f5 Ke8 35. f6 Bf8 36. Kf2 Kd7 37. g5 Kc6 38. Ke3 Kb6 39. h4
Rd8 40. c3 Ra8 41. Kd3 a4 42. Kc2 Kc6 43. Rd1 Rb8 44. Ra1 Ra8 45. h5 Ra7 46.
Rd1 Ra8 47. Kb2 Rb8+ 48. Ka3 Ra8 49. Ka2 Kc7 50. Nd6 Bxd6 51. Rxd6 Rg8 52.
Ra6 Rxg5 53. Ra7+ Kd8 54. Rxf7 Rxh5 55. Rf8+ Kd7 56. Ra8 Rxe5 57. f7 Rf5 58.
f8=Q Rxf8 59. Rxf8 e5 60. Rf7+ Kd6 61. Rxh7 e4 62. Rh5 Ke6 63. Ka3 e3 64.
Rh3 e2 65. Re3+ Kf5 66. Rxe2 Kf4 67. Kxa4 Kf3 68. Re8 Kf4 69. Kb5 Kf5 70.
Kxc5 {Black resigns} 1-0

[Event "ICC tourney 1955 (60 10)"]
[Site "Internet Chess Club"]
[Date "2020.08.08"]
[Round "4"]
[White "Singireddy"]
[Black "AHSRULES"]
[Result "1-0"]
[ICCResult "Black checkmated"]
[WhiteElo "2004"]
[BlackElo "1812"]
[Opening "Sicilian: Alapin's variation (2.c3)"]
[ECO "B22"]
[NIC "SI.47"]
[Time "12:07:23"]
[TimeControl "3600+10"]

1. e4 c5 2. c3 Nf6 3. e5 Nd5 4. d4 cxd4 5. cxd4 Nc6 6. Nf3 g6 7. Bc4 Nb6 8.
Bb3 Bg7 9. Nc3 d5 10. h3 Bf5 11. O-O O-O 12. Be3 Na5 13. Bc2 Bxc2 14. Qxc2
Rc8 15. b3 f6 16. Qd3 fxe5 17. dxe5 Nc6 18. Bxb6 axb6 19. Qxd5+ Kh8 20. Rad1
Qxd5 21. Nxd5 Bxe5 22. Nxe7 Bh2+ 23. Kxh2 Nxe7 24. Rd7 Rfe8 25. Rfd1 Rc2 26.
Re1 Rxa2 27. Rexe7 Rxe7 28. Rxe7 Rxf2 29. Rxb7 Kg8 30. Rxb6 Kf7 31. Rb7+ Ke6
32. Rxh7 Rb2 33. Rb7 Kd5 34. b4 Kc6 35. Rg7 Rxb4 36. Rxg6+ Kd7 37. h4 Rb5
38. Rg5 Rb6 39. h5 Ke8 40. Rg6 Rb5 41. g4 Rb7 42. Kg3 Kf8 43. Rg5 Kf7 44.
Rf5+ Kg7 45. g5 Kh7 46. Kg4 Kg7 47. h6+ Kg6 48. Ne5+ Kh7 49. Rf7+ Rxf7 50.
Nxf7 Kg6 51. Ne5+ Kh7 52. Kh5 Kg8 53. Kg6 Kh8 54. Nf7+ Kg8 55. h7+ Kf8 56.
h8=Q+ Ke7 57. Qd8+ Ke6 58. Qf6+ Kd5 59. Qe5+ Kc4 60. Nd6+ Kd3 61. Qe4+ Kd2
62. Qf3 Ke1 63. Qg2 Kd1 64. Nc4 Kc1 65. Qd2+ Kb1 66. Qb2# {Black checkmated}
1-0

[Event "ICC tourney 1955 (60 10)"]
[Site "Internet Chess Club"]
[Date "2020.08.08"]
[Round "4"]
[White "ORSAJack88"]
[Black "Sricharan07"]
[Result "0-1"]
[ICCResult "White resigns"]
[WhiteElo "2009"]
[BlackElo "1897"]
[Opening "French: exchange variation"]
[ECO "C01"]
[NIC "FR.01"]
[Time "12:07:21"]
[TimeControl "3600+10"]

1. e4 e6 2. d4 d5 3. exd5 exd5 4. Nf3 Nf6 5. Bd3 Bd6 6. O-O O-O 7. c3 h6 8.
Nbd2 c6 9. b3 Bg4 10. h3 Bxf3 11. Nxf3 Nbd7 12. Bb2 Re8 13. Re1 Qc7 14. Qc2
Nh5 15. Re3 Nf4 16. Bf1 Nf6 17. Rae1 Ng6 18. Rxe8+ Rxe8 19. Rxe8+ Nxe8 20.
Qe2 Nf6 21. Nd2 Qd7 22. g3 Ne7 23. a3 Nf5 24. Qd3 h5 25. Bg2 g6 26. Kf1 Qe7
27. a4 Qe6 28. Qe2 Qd7 29. Ke1 Ng7 30. c4 a6 31. c5 Bc7 32. b4 Ne6 33. Nb1
h4 34. Qe3 Nh5 35. g4 Nhf4 36. Bf1 g5 37. Na3 Ng7 38. b5 axb5 39. axb5 f5
40. f3 fxg4 41. fxg4 Ba5+ 42. Kd1 Bd8 43. Qe5 Kf7 44. b6 Bf6 45. Qc7 Ke7 46.
Qxd7+ Kxd7 47. Nc2 Nge6 48. Kd2 Nxc5 49. Ba3 Ne4+ 50. Ke3 Bd8 51. Bc5 Ne6
{White resigns}
0-1

[Event "ICC tourney 1955 (60 10)"]
[Site "Internet Chess Club"]
[Date "2020.08.08"]
[Round "4"]
[White "jimjimmo"]
[Black "Natey"]
[Result "0-1"]
[ICCResult "White resigns"]
[WhiteElo "1850"]
[BlackElo "1664"]
[Opening "Grünfeld: 5.e3"]
[ECO "D94"]
[NIC "GI.09"]
[Time "12:06:43"]
[TimeControl "3600+10"]

1. d4 Nf6 2. c4 g6 3. Nf3 Bg7 4. Nc3 d5 5. e3 O-O 6. Be2 c5 7. O-O Nc6 8.
dxc5 dxc4 9. Bxc4 Qa5 10. Ne2 Qxc5 11. Qc2 Qb6 12. e4 Bg4 13. Be3 Qc7 14.
Ned4 Rac8 15. Rac1 Kh8 16. Bd3 Qd7 17. Nxc6 Rxc6 18. Qe2 Bxf3 19. gxf3 Rxc1
20. Rxc1 Nh5 21. b3 Qh3 22. Qf1 Qxf3 23. Qg2 Qf6 24. Rc2 Rd8 25. Be2 Nf4 26.
Bxf4 Qxf4 27. Qf3 Be5 28. Qxf4 Bxf4 29. Kg2 Kg7 30. h3 e6 31. Kf1 Kf6 32. a4
Rd4 33. Rc4 Rd2 34. Rb4 b6 35. Rb5 Bd6 36. a5 Bc5 37. b4 Bd4 38. axb6 axb6
39. f4 Ke7 40. Rg5 Be3 41. Rg3 Bxf4 42. Rc3 Rd4 43. b5 Rxe4 44. Kf2 Bd6 45.
Rf3 Bc5+ 46. Kf1 f5 47. Rd3 Re3 48. Rxe3 Bxe3 49. Kg2 Kf6 50. Kf3 Bc5 51.
Bc4 e5 52. Bd5 e4+ 53. Kf4 Bf2 54. h4 h6 {White resigns} 0-1

[Event "ICC tourney 1955 (60 10)"]
[Site "Internet Chess Club"]
[Date "2020.08.08"]
[Round "4"]
[White "LoopyLoop"]
[Black "justice02"]
[Result "0-1"]
[ICCResult "White resigns"]
[WhiteElo "1627"]
[BlackElo "1834"]
[Opening "French: exchange variation"]
[ECO "C01"]
[NIC "FR.01"]
[Time "12:07:15"]
[TimeControl "3600+10"]

1. e4 e6 2. d4 d5 3. exd5 exd5 4. Bd3 Nf6 5. c3 Bd6 6. Nf3 O-O 7. O-O c6 8.
Qc2 h6 9. Nbd2 Re8 10. h3 Nbd7 11. Nb3 a5 12. a4 Nf8 13. Bd2 Ne4 14. Rfe1
Nxd2 15. Qxd2 Ne6 16. g3 Bd7 17. h4 Qf6 18. Ne5 Bxe5 19. Rxe5 Nc7 20. Rae1
b6 21. Kg2 c5 22. Rxe8+ Rxe8 23. Rxe8+ Bxe8 24. dxc5 Bxa4 25. cxb6 Qxb6 26.
Nd4 Ne6 27. Nf5 Kf8 28. f3 Nc5 29. Bb1 Ne6 30. Ba2 Bb3 31. Bxb3 Qxb3 32. Ne3
Nc7 33. Kh3 a4 34. Qd4 Qb5 35. g4 Ne6 36. Qe5 Qxb2 37. Nxd5 a3 38. Qd6+ Kg8
39. Ne7+ Kh7 40. Qd7 Nf4+ 41. Kg3 Qb8 42. Qf5+ Ng6+ 43. Kh3 Kh8 44. Nxg6+
fxg6 45. Qxg6 a2 46. Qa6 Qb1 47. Qa8+ Kh7 48. g5 a1=Q 49. g6+ Kxg6 50. Qc6+
Kh7 51. Kg4 Qg6+ 52. Qxg6+ Kxg6 53. h5+ Kf6 {White resigns} 0-1

[Event "ICC tourney 1955 (60 10)"]
[Site "Internet Chess Club"]
[Date "2020.08.08"]
[Round "4"]
[White "Ayushb"]
[Black "Aarush37"]
[Result "1-0"]
[ICCResult "Black resigns"]
[WhiteElo "1793"]
[BlackElo "1811"]
[Opening "Giuoco Piano"]
[ECO "C50"]
[NIC "IG.02"]
[Time "12:06:56"]
[TimeControl "3600+10"]

1. e4 e5 2. Nf3 Nc6 3. Bc4 Bc5 4. O-O Nf6 5. d3 d6 6. h3 h6 7. Nc3 O-O 8. a3
Be6 9. Bxe6 fxe6 10. Na4 Bb6 11. Nxb6 axb6 12. Bd2 Qe8 13. Bc3 Nh5 14. d4
exd4 15. Nxd4 e5 16. Nf5 Kh7 17. g3 g6 18. Ne3 Qd7 19. Kg2 Rf7 20. Ng4 Nf6
21. Nxf6+ Rxf6 22. Qd3 Raf8 23. Rad1 Rf3 24. Qd5 Qe7 25. Rd3 Qf6 26. Rxf3
Qxf3+ 27. Kg1 Kg7 28. Qd3 Qxd3 29. cxd3 Kf6 30. f4 Ke6 31. fxe5 Rxf1+ 32.
Kxf1 dxe5 33. Ke2 h5 34. h4 Ne7 35. d4 exd4 36. Bxd4 c5 37. Bc3 Nc6 38. Ke3
b5 39. Kf4 Nd4 40. Ke3 Ke5 41. Bxd4+ cxd4+ 42. Kd3 b4 43. axb4 b5 44. b3 Kd6
45. Kxd4 {Black resigns} 1-0

[Event "ICC tourney 1955 (60 10)"]
[Site "Internet Chess Club"]
[Date "2020.08.08"]
[Round "4"]
[White "karuto2006"]
[Black "closedforce"]
[Result "0-1"]
[ICCResult "White checkmated"]
[WhiteElo "1764"]
[BlackElo "1922"]
[Opening "French: Tarrasch, Botvinnik variation"]
[ECO "C05"]
[NIC "FR.17"]
[Time "12:06:41"]
[TimeControl "3600+10"]

1. e4 e6 2. d4 d5 3. Nd2 Nf6 4. e5 Nfd7 5. Bd3 c5 6. c3 b6 7. Ngf3 Ba6 8.
Bxa6 Nxa6 9. O-O Nc7 10. Re1 c4 11. a4 a6 12. Nf1 Be7 13. Ng3 b5 14. b4 bxa4
15. Qxa4 Nb5 16. Qc2 Nb8 17. Bd2 Nc6 18. Reb1 Ra7 19. h3 h6 20. Nh2 Qa8 21.
f4 a5 22. Qb2 axb4 23. cxb4 Ncxd4 24. Rxa7 Qxa7 25. Be3 c3 26. Qf2 c2 27.
Rc1 Qa3 28. Nhf1 Bxb4 29. Rxc2 Nxc2 30. Qxc2 O-O 31. Qe2 d4 32. f5 dxe3 33.
f6 g6 34. Kh2 Qc3 35. Qxb5 Qc5 36. Qe2 Qxe5 37. Qxe3 Qxe3 38. Nxe3 Kh7 39.
Ne4 Rd8 40. Ng4 Rd4 41. Nef2 Bd6+ 42. g3 h5 43. Ne3 Be5 44. Kg2 Bxf6 45. Kf3
Ra4 46. Ne4 Be7 47. h4 Kg7 48. Nf2 Bc5 49. Ne4 Bxe3 50. Kxe3 Rxe4+ 51. Kxe4
Kf6 52. Kf4 e5+ 53. Ke4 Ke6 54. Kd3 Kd5 55. Ke3 f6 56. Kd3 e4+ 57. Ke3 Ke5
58. Kf2 Kd4 59. Ke2 e3 60. Kd1 Kd3 61. Ke1 e2 62. g4 hxg4 63. h5 gxh5 64.
Kf2 g3+ 65. Kxg3 e1=Q+ 66. Kf4 Qe4+ 67. Kg3 Qg4+ 68. Kf2 f5 69. Ke1 Qg2 70.
Kd1 Qg1# {White checkmated} 0-1

[Event "ICC tourney 1955 (60 10)"]
[Site "Internet Chess Club"]
[Date "2020.08.08"]
[Round "4"]
[White "playtowin2020"]
[Black "kralj8"]
[Result "1/2-1/2"]
[ICCResult "White stalemated"]
[WhiteElo "1943"]
[BlackElo "1807"]
[Opening "Giuoco Piano"]
[ECO "C44"]
[NIC "SO.06"]
[Time "12:06:54"]
[TimeControl "3600+10"]

1. e4 e5 2. Nf3 Nc6 3. d4 exd4 4. Bc4 Bc5 5. c3 Nf6 6. cxd4 Bb4+ 7. Bd2
Bxd2+ 8. Nbxd2 d5 9. exd5 Nxd5 10. O-O O-O 11. Rc1 Be6 12. Ne4 Na5 13. Neg5
Nxc4 14. Nxe6 Nxb2 15. Nxd8 Nxd1 16. Nxb7 N1c3 17. Rfe1 Rfe8 18. Kf1 Nxa2
19. Rxe8+ Rxe8 20. Rc5 Nab4 21. Ra5 Rb8 22. Nc5 Nc6 23. Ra3 Rb4 24. Nd3 Rb6
25. Nfe5 Rb1+ 26. Ne1 Nxe5 27. dxe5 Rb7 28. Nd3 c6 29. Ra6 Rc7 30. Nc5 Kf8
31. e6 Ke7 32. exf7 Kxf7 33. Ke2 Ke7 34. g3 Kd6 35. Ne4+ Ke5 36. Ng5 h6 37.
Nf3+ Kd6 38. Nd4 Nb6 39. Kd3 Kd5 40. Ra5+ c5 41. Nb5 Rf7 42. f4 g5 43. Rxa7
c4+ 44. Ke3 gxf4+ 45. gxf4 Rxa7 46. Nxa7 Kc5 47. f5 Nd5+ 48. Kd2 Kd6 49.
Nb5+ Ke5 50. f6 Kxf6 51. Nd6 c3+ 52. Kd3 h5 53. Ne4+ Kf5 54. Nxc3 Nf4+ 55.
Ke3 Kg4 56. Ne4 Ng2+ 57. Kf2 Kh3 58. Kg1 Nf4 59. Nf2+ Kh4 60. Ne4 Ne2+ 61.
Kh1 Kg4 62. Ng3 Nxg3+ 63. hxg3 Kh3 64. Kg1 Kxg3 65. Kh1 Kh3 66. Kg1 h4 67.
Kh1 Kg3 68. Kg1 h3 69. Kh1 h2 {White stalemated} 1/2-1/2

[Event "ICC tourney 1955 (60 10)"]
[Site "Internet Chess Club"]
[Date "2020.08.08"]
[Round "4"]
[White "Zuiopal"]
[Black "jHanna"]
[Result "1/2-1/2"]
[ICCResult "Game drawn by mutual agreement"]
[WhiteElo "1743"]
[BlackElo "1855"]
[Opening "QGD Slav defense"]
[ECO "D10"]
[NIC "SL.01"]
[Time "12:06:16"]
[TimeControl "3600+10"]

1. d4 d5 2. c4 c6 3. Nc3 Nf6 4. cxd5 cxd5 5. Bf4 Nc6 6. e3 a6 7. a3 Bf5 8.
Bd3 Bxd3 9. Qxd3 e6 10. Nf3 Bd6 11. Bxd6 Qxd6 12. O-O O-O 13. h3 Rac8 14. b4
b5 15. Nd2 Rfe8 16. Rfe1 e5 17. Nb3 e4 18. Qd2 Nb8 19. Nc5 Rc6 20. a4 bxa4
21. Rxa4 Nfd7 22. Rea1 Nb6 23. R4a2 Qh6 24. Qc2 Rg6 25. Kh1 Qg5 26. Rg1 Nc4
27. N3xe4 Nxe3 28. Nxg5 Nxc2 29. Rxc2 Rxg5 30. Rd1 h5 31. Ra2 Rg6 32. Rda1
Nc6 33. Rxa6 Re2 34. b5 Rxf2 35. bxc6 Rgxg2 36. Ra8+ Kh7 37. c7
{Game drawn by mutual agreement}
1/2-1/2

[Event "ICC tourney 1955 (60 10)"]
[Site "Internet Chess Club"]
[Date "2020.08.08"]
[Round "4"]
[White "andrewjiang2"]
[Black "ajschess05"]
[Result "1/2-1/2"]
[ICCResult "Game drawn by mutual agreement"]
[WhiteElo "2070"]
[BlackElo "1975"]
[Opening "Sicilian defense"]
[ECO "B40"]
[NIC "SI.43"]
[Time "12:06:45"]
[TimeControl "3600+10"]

1. e4 c5 2. Nf3 e6 3. c3 Nf6 4. e5 Nd5 5. d4 cxd4 6. cxd4 d6 7. Bd3 Nc6 8.
O-O dxe5 9. dxe5 Be7 10. a3 O-O 11. Qe2 Qb6 12. Qe4 f5 13. exf6 Nxf6 14. Qe2
Nd4 15. Nxd4 Qxd4 16. Bc4 Ne4 17. Be3 Qe5 18. f4 Qf6 19. Nd2 Nxd2 20. Qxd2
Kh8 21. Bd4 Qf5 22. Qc3 Bf6 23. Rae1 Bd7 24. Bd3 Bxd4+ 25. Qxd4 Qd5 26. Qe3
Rf6 27. Be4 Qb5 28. b4 Bc6 29. Rc1 Bxe4 30. Qxe4 Raf8 31. Rf3 h6 32. Kh1 Qd5
33. Qe3 b6 34. Rcf1 Qd6 35. h3 a5 36. Qe4 axb4 37. axb4 Rf5
{Game drawn by mutual agreement}
1/2-1/2

[Event "ICC tourney 1955 (60 10)"]
[Site "Internet Chess Club"]
[Date "2020.08.08"]
[Round "4"]
[White "divy7"]
[Black "bg26723"]
[Result "1-0"]
[ICCResult "Black resigns"]
[WhiteElo "1709"]
[BlackElo "1859"]
[Opening "Caro-Kann: classical variation"]
[ECO "B18"]
[NIC "CK.10"]
[Time "12:07:08"]
[TimeControl "3600+10"]

1. e4 c6 2. d4 d5 3. Nc3 dxe4 4. Nxe4 Bf5 5. Ng3 Bg6 6. Nf3 Nd7 7. Bd3 Bxd3
8. Qxd3 e6 9. Bf4 Ngf6 10. c3 Nd5 11. Bg5 Qb6 12. Rb1 f6 13. Bd2 O-O-O 14.
O-O Bd6 15. Ne4 Bb8 16. c4 Ne7 17. Qa3 Rde8 18. b4 Nf5 19. c5 Qd8 20. b5
cxb5 21. Rxb5 Qc7 22. Nd6+ Nxd6 23. cxd6 Qxd6 24. Bb4 Qa6 25. Rc1+ Bc7 26.
Bd6 Qxb5 27. Rxc7+ Kd8 28. Qc3 Nc5 29. dxc5 Qb1+ 30. Qe1 Qxe1+ 31. Nxe1 b6
32. Nd3 e5 33. Rxa7 bxc5 34. Nxc5 Kc8 {Black resigns} 1-0

[Event "ICC tourney 1955 (60 10)"]
[Site "Internet Chess Club"]
[Date "2020.08.08"]
[Round "4"]
[White "chessisthebest1"]
[Black "Almanac2050"]
[Result "1/2-1/2"]
[ICCResult "Game drawn by mutual agreement"]
[WhiteElo "1872"]
[BlackElo "1516"]
[Opening "French: classical, Steinitz variation"]
[ECO "C14"]
[NIC "FR.06"]
[Time "12:07:00"]
[TimeControl "3600+10"]

1. e4 e6 2. d4 d5 3. Nc3 Nf6 4. Bg5 Be7 5. e5 Nfd7 6. Bxe7 Qxe7 7. f4 a6 8.
Nf3 c5 9. Qd2 Nc6 10. O-O-O b5 11. dxc5 Nxc5 12. Nd4 Bd7 13. Nxc6 Bxc6 14.
Qd4 b4 15. Ne2 Ne4 16. Ng3 Nc5 17. Nh5 O-O 18. g4 Nd7 19. Rg1 Qc5 20. Qxc5
Nxc5 21. Bg2 Rac8 22. Kb1 Ba4 23. Rd4 a5 24. Rc1 Bb5 25. Ng3 Rc7 26. Rcd1
Rfc8 27. R1d2 Nd7 28. Bf3 Nb6 29. Be2 Bxe2 30. Rxe2 Rc4 31. Red2 Rxd4 32.
Rxd4 Nc4 33. Rd3 Nb6 34. Rd4 Nc4 35. Rd3 Nb6 36. Ne2 Rc4 37. Rd4 Kf8 38. b3
Rc5 39. Kc1 Nc8 40. Kd2 Na7 41. Rd3 {Game drawn by mutual agreement} 1/2-1/2

[Event "ICC tourney 1955 (60 10)"]
[Site "Internet Chess Club"]
[Date "2020.08.08"]
[Round "4"]
[White "blueeagle405"]
[Black "ganzy"]
[Result "1-0"]
[ICCResult "Black checkmated"]
[WhiteElo "2002"]
[BlackElo "2043"]
[Opening "King's Indian: orthodox, Aronin-Taimanov, bayonet attack"]
[ECO "E97"]
[NIC "KI.04"]
[Time "12:07:07"]
[TimeControl "3600+10"]

1. d4 Nf6 2. c4 g6 3. Nc3 Bg7 4. e4 d6 5. Be2 O-O 6. Nf3 e5 7. O-O Nc6 8. d5
Ne7 9. b4 Nh5 10. g3 f5 11. Ng5 Nf6 12. Bf3 h6 13. Ne6 Bxe6 14. dxe6 c6 15.
Bg2 Ne8 16. Qb3 Qc7 17. c5 Rd8 18. Ba3 f4 19. Rfd1 a6 20. Rac1 f3 21. Bf1
dxc5 22. Rd7 Qb6 23. Rxe7 c4 24. Qxc4 Rd2 25. Qc5 Qd8 26. Rxg7+ Nxg7 27. e7
Qd4 28. exf8=Q+ Kh7 29. Qxd4 exd4 30. Bc4 h5 31. h4 g5 32. Bg8+ Kh8 33. Bf7+
Kh7 34. Qg8+ Kh6 35. Qh8# {Black checkmated} 1-0

[Event "ICC tourney 1955 (60 10)"]
[Site "Internet Chess Club"]
[Date "2020.08.08"]
[Round "4"]
[White "peakypoe"]
[Black "agpil"]
[Result "0-1"]
[ICCResult "White resigns"]
[WhiteElo "1922"]
[BlackElo "1907"]
[Opening "Nimzovich-Larsen attack: Indian variation"]
[ECO "A01"]
[NIC "VO.08"]
[Time "12:08:27"]
[TimeControl "3600+10"]

1. b3 Nf6 2. Bb2 g6 3. f4 Bg7 4. Nf3 O-O 5. e3 d5 6. Bd3 c5 7. O-O Nc6 8. c4
Nb4 9. Be2 Bf5 10. Ne1 dxc4 11. Bxc4 Nd3 12. Bc3 Nxe1 13. Rxe1 a6 14. d4 Ne4
15. Bb2 b5 16. Be2 h5 17. Bf3 Rc8 18. Nd2 Nxd2 19. Qxd2 cxd4 20. e4 Bg4 21.
Bxg4 hxg4 22. Qe2 d3 23. Qxg4 Bxb2 24. Rad1 Qd4+ 25. Kh1 d2 26. Rf1 Rc1 27.
f5 Rxd1 28. Rxd1 Qe3 29. h4 Be5 30. g3 Bxg3 31. Rg1 Qf4 32. Qd1 Qxe4+ 33.
Rg2 Qe1+ 34. Rg1 Qxd1 35. Rxd1 Be1 36. fxg6 fxg6 37. Kg2 Rc8 {White resigns}
0-1